Map: Kairos Junction LE

Players

LiquidSnute (Snute)

  • Race: Zerg Zerg
  • League: Grandmaster
  • Spawn Location: 5:00

PtitDrogo - Winner!

  • Race: Protoss Protoss
  • League: Master
  • Spawn Location: 11:00

Event: 2019 Assembly Summer

VOD

Have the link to the VOD?

Description

Time

  • Played on: Aug. 1, 2019, 8 a.m.
  • Length: 8:43

All games in this series

Show
View Real Time Build Order
Export as new Build Order

LiquidSnute Zerg 

Build Orders: Hatch First 

Get SALT Encoding   

  12  0:00  Drone  
  13  0:12  Overlord  
  13  0:17  Drone  
  14  0:30  Drone x2  
  14  0:34  Drone  
  17  0:51  Hatchery  
  17  0:55  Drone  
  17  0:58  Drone  
  18  1:08  Extractor  
  17  1:13  Spawning Pool  
  17  1:16  Drone  
  17  1:19  Drone  
  18  1:28  Drone  
  19  1:38  Overlord  
  19  1:49  Drone  
  20  1:59  Queen  
  20  2:01  Zergling x2  
  23  2:03  Drone, Queen  
  26  2:09  Metabolic Boost  
  26  2:10  Drone  
  26  2:14  Drone  
  28  2:21  Drone  
  29  2:25  Drone  
  30  2:32  Drone  
  30  2:35  Overlord, Queen  
  33  2:43  Zergling x2  
  34  2:46  Zergling x2  
  34  2:55  Drone  
  34  2:57  Drone  
  36  3:03  Spore Crawler  
  35  3:10  Hatchery  
  35  3:15  Drone x5  
  35  3:19  Drone  
  41  3:26  Overlord, Extractor  
  40  3:27  Roach Warren  
  40  3:31  Drone  
  40  3:37  Overlord  
  40  3:40  Drone  
  41  3:46  Drone  
  42  3:50  Drone, Overlord x2  
  43  3:58  Zergling x8  
  47  4:08  Roach x2  
  51  4:13  Roach x2  
  55  4:20  Zergling x6  
  58  4:26  Overlord  
  58  4:28  Ravager  
  58  4:29  Ravager  
  58  4:31  Queen x2  
  64  4:41  Roach  
  63  4:47  Zergling x14  
  67  4:58  Roach  
  63  5:02  Zergling x4  
  63  5:03  Ravager  
  63  5:06  Zergling x2  
  67  5:07  Queen  
  67  5:10  Ravager  
  67  5:11  Zergling x2  
  67  5:12  Zergling x2  
  67  5:14  Overlord  
  72  5:17  Ravager  
  73  5:22  Overlord  
  70  5:29  Zergling x8  
  70  5:33  Zergling x6  
  73  5:41  Drone x3  
  73  5:42  Drone  
  69  5:50  Drone x4  
  69  5:55  Drone x3  
  75  6:03  Drone x3  
  78  6:08  Lair  
  78  6:14  Extractor  
  78  6:16  Roach x3  
  83  6:22  Roach  
  83  6:23  Overlord  
  85  6:29  Overlord  
  85  6:30  Roach x2  
  89  6:40  Baneling Nest  
  88  6:49  Zergling x20  
  94  6:56  Zergling x6  
  94  6:57  Zergling x4  
  99  7:03  Roach  
  99  7:07  Roach x2  
  105  7:15  Overlord  
  105  7:16  Overlord  
  105  7:24  Baneling x15  
  105  7:27  Zergling x2  
  105  7:29  Overlord  
  106  7:33  Baneling x2  
  106  7:35  Zergling x16  
  114  7:39  Baneling x3  
  111  7:47  Zergling x8  
  74  8:02  Roach x7  
  78  8:08  Roach x2  
  76  8:20  Roach x4  
Show
View Real Time Build Order
Export as new Build Order

PtitDrogo Protoss - Winner!

Build Orders: 1 Gate Expand, Archon Immortal 

Get SALT Encoding   

  12  0:00  Probe  
  13  0:13  Probe  
  14  0:19  Pylon  
  14  0:25  Probe  
  15  0:33  Probe  
  15  0:41  Gateway, Probe  
  17  0:51  Probe, Assimilator  
  18  1:03  Probe  
  19  1:15  Probe  
  20  1:26  Nexus  
  20  1:36  Cybernetics Core  
  20  1:39  Probe  
  21  1:45  Assimilator  
  21  1:51  Probe  
  21  1:53  Pylon  
  22  2:03  Adept  
  22  2:04  Probe  
  25  2:16  Probe, Robotics Facility  
  26  2:23  Warp Gate, Stalker  
  26  2:28  Probe  
  27  2:34  Probe  
  29  2:40  Probe  
  29  2:42  Probe  
  32  2:52  Probe  
  32  2:53  Probe, Sentry  
  32  2:58  Warp Prism  
  36  3:00  Gateway  
  36  3:09  Probe  
  39  3:15  Probe  
  40  3:21  Probe  
  40  3:22  Pylon  
  40  3:26  Immortal  
  42  3:33  Probe  
  43  3:40  Probe  
  47  3:45  Probe, Pylon  
  48  3:52  Probe  
  49  3:57  Immortal, Probe  
  50  4:04  Probe  
  56  4:10  Probe  
  56  4:11  Zealot x2  
  56  4:14  Pylon  
  56  4:16  Probe  
  61  4:18  Assimilator  
  61  4:21  Assimilator  
  61  4:22  Probe  
  61  4:23  Twilight Council  
  62  4:29  Forge  
  62  4:34  Zealot  
  62  4:35  Zealot  
  62  4:37  Probe  
  67  4:42  Pylon  
  65  4:53  Charge  
  65  4:58  Protoss Ground Weapons Level 1  
  59  5:00  Immortal  
  59  5:01  Probe x2  
  65  5:14  Gateway x2, Sentry x2  
  65  5:18  Shield Battery  
  69  5:22  Shield Battery  
  67  5:32  Shield Battery  
  67  5:39  Zealot x2  
  65  5:51  Gateway, Immortal  
  65  5:53  Pylon  
  69  5:57  Gateway  
  69  6:01  Gateway, Templar Archives  
  69  6:07  Pylon  
  69  6:15  Gateway  
  69  6:19  Gateway  
  69  6:20  Pylon  
  69  6:26  Pylon  
  69  6:27  Zealot x2  
  69  6:31  Zealot  
  75  6:34  Zealot  
  77  6:42  Pylon  
  77  6:43  Pylon  
  77  6:55  High Templar  
  77  6:56  High Templar x2  
  77  6:57  High Templar  
  77  6:59  Zealot x2  
  77  7:00  Zealot  
  91  7:03  Pylon  
  91  7:05  Archon  
  91  7:08  Pylon  
  91  7:11  Archon  
  91  7:16  Zealot  
  91  7:21  High Templar x2, Zealot  
  99  7:26  Archon  
  99  7:28  Zealot x3  
  104  7:30  Zealot  
  104  7:49  Zealot x5  
  86  7:51  Zealot  
  70  7:59  Zealot x2  
  66  8:10  High Templar x4  
  66  8:11  Zealot x2  
  78  8:15  Archon  
  78  8:16  Archon  
  78  8:19  Zealot x2  
  72  8:33  Zealot x3  
  74  8:39  Zealot x5  
Tags
 
Add a new tag
Caveats
  • Supply blocks, unpowered buildings, or Contaminate may cause inaccurate times.
  • Supply counts are checked every 10 seconds.